 Dungeon Crawl Stone Soup version 0.22-a0-750-ga7dcef7 (webtiles) character file.

4792 PipsiMox the Fighter (level 10, -5/80 HPs)
             Began as a Demonspawn Fighter on July 15, 2018.
             Was an Elder of Cheibriados.
             Slain by a yak (8 damage)
             ... on level 9 of the Dungeon.
             The game lasted 00:20:16 (7001 turns).

PipsiMox the Fighter (Demonspawn Fighter)           Turns: 7001, Time: 00:20:16

Health: -5/80      AC: 19    Str: 29 (30) XL:     10   Next: 24%
Magic:  10/10      EV: 10    Int: 19      God:    Cheibriados [****..]
Gold:   403        SH:  0    Dex: 29      Spells: 9/9 levels left

rFire    + + .     SeeInvis +   i - +0 great sword
rCold    + + +     Gourm    .   (shield currently unavailable)
rNeg     . . .     Faith    .   u - +1 gold dragon scales
rPois    +         Spirit   .   (helmet restricted)
rElec    .         Reflect  .   A - scarf {rC+ rF+}
rCorr    .         Harm     .   o - +0 pair of gloves
MR       .....                  E - +0 pair of boots
Stlth    ..........             l - amulet of regeneration
HPRegen  0.63/turn              e - +2 ring of strength
MPRegen  0.12/turn              C - ring of see invisible

@: agile, very slow
A: hooves 1, horns 1, thin skeletal structure 1, cold resistance 1,
deterioration 1, powered by pain 3, evolution 1, freezing cloud immunity,
subdued magic 1
a: Bend Time, Temporal Distortion, Slouch, Renounce Religion


You were on level 9 of the Dungeon.
You worshipped Cheibriados.
Cheibriados was greatly pleased with you.
You were not hungry.

You visited 2 branches of the dungeon, and saw 10 of its levels.

You collected 403 gold pieces.

Inventory:

Hand Weapons
 a - a +1 long sword
 i - a +0 great sword (weapon)
Armour
 c - a +0 shield
 n - a scarf of cloud immunity
 o - a +0 pair of gloves (worn)
 u - +1 gold dragon scales (worn)
 A - a scarf of resistance (worn)
 E - a +0 pair of boots (worn)
Jewellery
 e - a +2 ring of strength (left hand)
 l - an amulet of regeneration (around neck)
 r - an uncursed ring of wizardry
 w - an uncursed amulet of guardian spirit
 y - an uncursed ring of protection from fire
 C - a ring of see invisible (right hand)
Wands
 k - a wand of paralysis (6)
 m - a wand of enslavement (11)
 v - a wand of scattershot (4)
 x - a wand of disintegration (19)
Scrolls
 b - 7 scrolls of teleportation
 j - 2 scrolls of amnesia
 p - 4 scrolls of remove curse
 q - 2 scrolls of enchant weapon
 t - 2 scrolls of identify
 z - 3 scrolls of fog
 D - a scroll of blinking {unknown}
Potions
 d - 3 potions of curing
 g - 3 potions of lignification
 h - 3 potions of ambrosia
 s - a potion of mutation
Comestibles
 f - 17 rations


   Skills:
 + Level 8.1 Fighting
 + Level 7.0 Long Blades
 + Level 7.4 Armour
 + Level 7.6 Shields


You had 9 spell levels left.
You didn't know any spells.
Your spell library contained the following spells:

 Spells                   Type           Power        Failure   Level  Hunger
 Apportation              Tloc           #.....       100%        1    ##.....
 Bolt of Magma            Conj/Fire/Erth #.........   100%        5    ######.
 Invisibility             Hex            #.......     100%        6    #######
 Throw Frost              Conj/Ice       #.....       100%        2    ###....
 Summon Small Mammal      Summ           #...         100%        1    ##.....
 Animate Skeleton         Necr           N/A          100%        1    ##.....
 Tukima's Dance           Hex            #.......     100%        3    ####...
 Ice Form                 Ice/Tmut       #.......     100%        4    #####..
 Confusing Touch          Hex            #.....       100%        1    ##.....
 Summon Butterflies       Summ           #.......     100%        1    ##.....
 Alistair's Intoxication  Tmut/Pois      #.......     100%        5    ######.
 Inner Flame              Hex/Fire       #.......     100%        3    ####...
 Lesser Beckoning         Tloc           #.........   100%        3    ####...


Dungeon Overview and Level Annotations

Branches:
Dungeon (9/15)             Temple (1/1) D:5            Lair (0/6) D:8
    Orc: D:9-12

Altars:
Cheibriados
Dithmenos
Elyvilon
Fedhas
Gozag
Kikubaaqudgha
Makhleb
Nemelex Xobeh
Okawaru
Qazlal
Sif Muna
Trog
Xom
The Shining One

Shops:
D:4 :   D:6 =

Annotations:
D:4 2 transporters


Innate Abilities, Weirdness & Mutations

You have a pair of small horns on your head.
You have a somewhat thin skeletal structure. (Dex +2, Stealth)
Your flesh is cold resistant. (rC+)
You are powered by pain.
You are immune to freezing clouds.
You have large cloven feet.
Your body sometimes deteriorates upon taking damage.
You evolve.
Your spells are a little easier to cast, but a little less powerful.


Message History

* * * LOW HITPOINT WARNING * * *
The yak gores you but does no damage.
You hit the yak. You headbutt the yak.
The yak is severely wounded.
The yak closely misses you. The yak gores you but does no damage.
The yak gores you!
* * * LOW HITPOINT WARNING * * *
The yak closely misses you.
You hit the yak but do no damage.
The yak is severely wounded.
The yak gores you!
* * * LOW HITPOINT WARNING * * *
The yak barely misses you.
The yak gores you but does no damage. x2
The yak gores you.
* * * LOW HITPOINT WARNING * * *
You slice the yak!!
You kill the yak!
Cheibriados thoroughly appreciates the change of pace.
The yak gores you but does no damage. The yak gores you!
You die...

............. #####.)#+####....
............. .......>..........
............. .........(..####+#
............#########....(.#.....
............#....?..#...(..#.....
....................#..(...#.....
.####.....#.........#......#.....
.#.......###..†.....#......#.....
.#...##..###..##@...+......#<....
.#...###..#..###YY..#......#.....
.#....##.....##.....#......####'#
#...................#............
....##.........##...#............
...####..._...## #..#............
....##.........# ..#............
....................#............
#'#...##.....##.....#............


You could see 2 yaks.

Vanquished Creatures
  A centaur skeleton (D:9)
  Grinder (D:6)
  A spriggan (D:7)
  7 yaks (D:9)
  A wyvern (D:9)
  2 water moccasins (D:8)
  2 black bears
  2 sky beasts (D:6)
  2 orc warriors (D:9)
  3 ice beasts
  An ogre (D:9)
  2 centaurs
  A big kobold (D:9)
  A bullfrog (D:6)
  A wyvern skeleton (D:6)
  A scorpion (D:6)
  2 water moccasin skeletons
  3 wights (D:9)
  A howler monkey (D:6)
  A bullfrog zombie (D:6)
  3 crimson imps
  A jelly (D:5)
  2 centaur zombies (D:5)
  6 hounds
  Crazy Yiuf (D:6)
  An orc priest (D:3)
  7 orc wizards
  4 bullfrog skeletons
  An iguana (D:4)
  2 hound zombies
  2 worker ant zombies (D:6)
  14 gnolls
  8 adders
  3 shadow imps
  2 oozes
  2 adder skeletons
  A worm (D:2)
  2 dart slugs
  5 leopard geckos
  28 orcs
  A ball python (D:7)
  4 giant cockroaches
  9 goblins
  6 hobgoblins
  8 jackals
  12 kobolds
  9 quokkas
  6 bats
  6 frilled lizards
  A giant cockroach zombie (D:6)
  A quokka skeleton (D:6)
  2 quokka zombies (D:6)
  5 rats
  2 withered plants (D:6)
203 creatures vanquished.

Notes
Turn   | Place    | Note
-------+----------+-------------------------------------------
     0 | D:1      | PipsiMox the Demonspawn Fighter began the quest for the Orb.
     0 | D:1      | Reached XP level 1. HP: 18/18 MP: 1/1
   405 | D:1      | Gained mutation: You have a somewhat thin skeletal structure. (Dex +2, Stealth) [demonic ancestry]
   405 | D:1      | Reached XP level 2. HP: 24/24 MP: 2/2
   819 | D:2      | Gained mutation: You have a pair of small horns on your head. [demonic ancestry]
   819 | D:2      | Reached XP level 3. HP: 11/29 MP: 3/3
  1708 | D:3      | Reached XP level 4. HP: 28/35 MP: 4/4
  1828 | D:3      | Found a bloodstained altar of Trog.
  2062 | D:3      | Gained mutation: You sometimes gain a little power by taking damage. [demonic ancestry]
  2062 | D:3      | Reached XP level 5. HP: 20/42 MP: 5/5
  2278 | D:4      | Found a transporter.
  2289 | D:4      | Found a transporter.
  2440 | D:4      | Found Donudot's Book Shop.
  2515 | D:4      | Reached skill level 4 in Fighting
  2515 | D:4      | Gained mutation: You sometimes gain power by taking damage. [demonic ancestry]
  2515 | D:4      | Reached XP level 6. HP: 40/48 MP: 6/6
  2826 | D:5      | Entered Level 5 of the Dungeon
  2885 | D:5      | Found a bloodstained altar of Trog.
  3045 | D:5      | Found a staircase to the Ecumenical Temple.
  3054 | Temple   | Entered the Ecumenical Temple
  3079 | Temple   | Became a worshipper of Cheibriados the Contemplative
  3115 | D:5      | Noticed an ice beast
  3125 | D:5      | Killed an ice beast
  3212 | D:5      | Gained mutation: Your flesh is cold resistant. (rC+) [demonic ancestry]
  3212 | D:5      | Reached XP level 7. HP: 51/55 MP: 7/7
  3334 | D:5      | Found a white marble altar of Elyvilon.
  3556 | D:5      | Identified Gimodac's Almanac of the Volcanoes and Snow
  3975 | D:6      | Reached * piety under Cheibriados
  3975 | D:6      | Reached skill level 5 in Fighting
  4031 | D:6      | Found Yqolulug's Jewellery Shoppe.
  4059 | D:6      | Reached skill level 5 in Shields
  4099 | D:6      | Found a stormy altar of Qazlal.
  4175 | D:6      | Reached skill level 5 in Armour
  4175 | D:6      | Gained mutation: You are immune to freezing clouds. [demonic ancestry]
  4175 | D:6      | Reached XP level 8. HP: 57/63 MP: 8/8
  4234 | D:6      | Noticed Grinder
  4247 | D:6      | Reached ** piety under Cheibriados
  4256 | D:6      | Killed Grinder
  4256 | D:6      | Reached skill level 5 in Long Blades
  4263 | D:6      | Reached skill level 6 in Fighting
  4345 | D:6      | Found a runed door.
  4693 | D:6      | Noticed Crazy Yiuf
  4698 | D:6      | Killed Crazy Yiuf
  5067 | D:7      | Gained mutation: You are powered by pain. [demonic ancestry]
  5067 | D:7      | Reached XP level 9. HP: 70/71 MP: 9/9
  5952 | D:8      | Found a sparkling altar of Nemelex Xobeh.
  6027 | D:8      | Found a staircase to the Lair.
  6221 | D:8      | Found a glowing golden altar of the Shining One.
  6414 | D:9      | Reached skill level 7 in Fighting
  6417 | D:9      | Reached *** piety under Cheibriados
  6527 | D:9      | Found an opulent altar of Gozag.
  6610 | D:9      | Found a shadowy altar of Dithmenos.
  6653 | D:9      | Gained mutation: You do not regenerate when monsters are visible. [potion of mutation]
  6653 | D:9      | Gained mutation: Your body sometimes deteriorates upon taking damage. [potion of mutation]
  6653 | D:9      | Gained mutation: You possess an exceptional clarity of mind. [potion of mutation]
  6655 | D:9      | Lost mutation: You do not regenerate when monsters are visible. [potion of mutation]
  6655 | D:9      | Lost mutation: You possess an exceptional clarity of mind. [potion of mutation]
  6655 | D:9      | Gained mutation: You evolve. [potion of mutation]
  6655 | D:9      | Gained mutation: Your spells are a little easier to cast, but a little less powerful. [potion of mutation]
  6655 | D:9      | Gained mutation: You have large cloven feet. [potion of mutation]
  6715 | D:9      | Found a blossoming altar of Fedhas.
  6856 | D:9      | Reached XP level 10. HP: 49/80 MP: 10/10
  6891 | D:9      | Reached **** piety under Cheibriados
  6988 | D:9      | Reached skill level 8 in Fighting
  6991 | D:9      | HP: 1/80 [yak (10)]
  6999 | D:9      | HP: 4/80 [yak (9)]
  7001 | D:9      | Slain by a yak

Vault maps used:
D:1:      minmay_arrival_plants_in_alcoves
D:2:      minmay_heptomino_d4
D:3:      overflow_temple_1_default, st_stairs_14, due_unseen_surprise
D:4:      gammafunk_steamed_eel, serial_shops, nicolae_shop_behind_doors
D:5:      kennysheep_six_static_rooms, elyvilon_altar_4,
          minmay_temple_entry_statues_pillars, first_ration,
          trog_three_pillars_becter
D:6:      nicolae_overflow_hidden_temple, serial_undead, serial_undead_e,
          serial_undead_c, serial_undead_c, serial_undead_e, serial_undead_f,
          serial_undead_f, minmay_misc_feat_ornament, minmay_shop_grid_forest,
          uniq_grinder, uniq_crazy_yiuf_cottage
D:7:      the_bakery, hangedman_decor_clover_reticule, minmay_misc_feat_room,
          serial_bayou_pond_d
D:8:      tso_oasis_becter, kennysheep_mini_moat, lair_entry_dummy
D:9:      nicolae_dithmenos_shadow_blocks, grunt_gozag_statues, fedhas_altar_1
Temple:   regret_index_temple_waves

Skill      XL: |  1  2  3  4  5  6  7  8  9 10 |
---------------+-------------------------------+-----
Shields        | 3 4 5 6 7 |  7.6
Long Blades    | 2 3 4 5 6 7 |  7.0
Armour         | 3 4 5 6 7 |  7.4
Fighting       | 4 5 6 7 8 |  8.1

Action                   |  1- 3 |  4- 6 |  7- 9 | 10-12 || total
-------------------------+-------+-------+-------+-------++-------
Melee: Long sword        |   146 |   207 |   353 |       ||   706
       Headbutt          |    17 |    40 |   122 |    15 ||   194
       Great sword       |       |       |    15 |    31 ||    46
Invok: Bend Time         |       |       |     1 |       ||     1
  Use: Potion            |       |     2 |    13 |     1 ||    16
       Scroll            |       |       |    11 |       ||    11
  Eat: Chunk             |     2 |     6 |     9 |       ||    17
Armor: Scale mail        |    57 |       |       |       ||    57
       Plate armour      |    30 |    34 |       |       ||    64
       Gold dragon scale |       |   171 |   351 |    56 ||   578
Dodge: Dodged            |    41 |    25 |    48 |    22 ||   136
Block: Shield            |    91 |   131 |   278 |       ||   500
       Rpst.: Long sword |    12 |    10 |    16 |       ||    38
       Great sword       |       |       |     2 |     7 ||     9

Table legend:
 A = Spawn XP
 B = Non-spawn XP
 C = Spawn XP percentage of total XP
 D = Spawn monster count
 E = Non-spawn monster count
 F = Spawn count percentage of total count
 G = Total turns spent on level
                    A         B        C        D         E        F      G
               +---------+---------+-------+---------+---------+-------+---------
         Total |       0 |    6847 |   0.0 |       0 |     201 |   0.0 |  7001
               +---------+---------+-------+---------+---------+-------+---------
           D:1 |       0 |      29 |   0.0 |       0 |      17 |   0.0 |   768
           D:2 |       0 |      62 |   0.0 |       0 |      25 |   0.0 |   926
           D:3 |       0 |     138 |   0.0 |       0 |      26 |   0.0 |   560
           D:4 |       0 |     243 |   0.0 |       0 |      18 |   0.0 |   572
           D:5 |       0 |     551 |   0.0 |       0 |      23 |   0.0 |  1072
           D:6 |       0 |    1559 |   0.0 |       0 |      36 |   0.0 |   833
           D:7 |       0 |     575 |   0.0 |       0 |       7 |   0.0 |   842
           D:8 |       0 |     545 |   0.0 |       0 |      11 |   0.0 |   765
           D:9 |       0 |    3145 |   0.0 |       0 |      38 |   0.0 |   621
               +---------+---------+-------+---------+---------+-------+---------
